AoeStats
← Le Soldat Rouge

Arabia

510271988Analyzed
1v1 RM · 9h ago on Sep 30, 2026· 22m 4s· 2 players
Game mode
Random Map
Map size
Tiny (2 player)
Population
200
Speed
Normal
Resources
Standard
Victory
Conquest
Starting age
Dark Age
Ending age
Imperial Age
RankedLock teamsTeams togetherTeam positionsShared explorationLock speedFull tech treeHidden civsTurbo modeCheats
Victory
Defeat
🇦🇷 Maya · Argentina
1798
+12
🇫🇷 Ethiopians · France
1705
-12
Le Soldat Rouge
6:37 Loom
9:12 Feudal Age
9:18 Man-at-Arms
9:44 Double-Bit Axe
19:48 Castle Age
18:12 Fletching
18:04 Horse Collar
18:14 Gold Mining
18:53 Padded Archer Armor
19:51 Crossbowman
20:26 Bodkin Arrow
20:43 Bow Saw
22:03 Ballistics
samm
0:26 Loom
8:50 Feudal Age
9:38 Double-Bit Axe
13:00 Fletching
19:56 Castle Age
18:28 Scale Mail Armor
18:47 Gold Mining
18:41 Horse Collar
20:07 Eagle Warrior
21:11 Chain Mail Armor
22:30 Squires
Connection lost

Rejoining the realm…

Still unreachable

The connection could not be restored.

Session expired

The server has moved on; the page needs a fresh start.